 Dungeon Crawl Stone Soup version 0.30-a0-883-g5ad918d77d (webtiles) character file.

Game seed: 2618054080560289571

1150 FexLirch the Basher (level 8, 0/74 HPs)
             Began as a Troll Fighter on Mar 17, 2023.
             Was a Follower of Okawaru.
             Slain by an orc warrior
             ... wielding a +0 halberd of venom
              (2 damage)
             ... on level 6 of the Dungeon.
             The game lasted 00:11:47 (4639 turns).

FexLirch the Basher (Troll Fighter)                 Turns: 4639, Time: 00:11:48

Health: 0/74       AC:  5    Str: 24 (27) XL:     8   Next: 15%
Magic:  16/16      EV:  9    Int:  2 (4)  God:    Okawaru [*.....]
Gold:   68         SH:  0    Dex:  7 (9)  Spells: 7/7 levels left

rFire   . . .      SeeInvis +    A - +0 giant club
rCold   . . .      Faith    .    (shield currently unavailable)
rNeg    . . .      Spirit   .    b - +0 robe
rPois   .          Reflect  .    (helmet restricted)
rElec   .          Rampage  .    E - +0 cloak
rCorr   .                        (gloves unavailable)
Will    .....                    (boots unavailable)
Stlth   +                        (no amulet)
HPRegen 1.12/turn                x - ring of see invisible
MPRegen 0.15/turn                y - ring of magical power

@: lethally poisoned (0 -> -3)
A: large, unfitting armour, claws 3, regeneration 1, shaggy fur 1, tough skin 1
a: Renounce Religion, Heroism


You were on level 6 of the Dungeon.
You worshipped Okawaru.
Okawaru was aware of your devotion.
You visited 2 branches of the dungeon, and saw 7 of its levels.

You collected 272 gold pieces.
You spent 204 gold pieces at shops.

Inventory:

Hand Weapons
 a - a +0 flail
 A - a +0 giant club (weapon)
Missiles
 e - 36 stones
 f - 3 atropa-tipped darts (quivered)
 q - 6 boomerangs
 r - 5 poisoned darts
Armour
 b - a +0 robe (worn)
 c - a +0 kite shield
 E - a +0 cloak (worn)
Jewellery
 x - a ring of see invisible (left claw)
 y - a ring of magical power (right claw)
Wands
 d - a wand of quicksilver (8)
 G - a wand of roots (13)
Scrolls
 h - 2 scrolls of amnesia {unknown}
 i - a scroll of torment {unknown}
 k - 2 scrolls of poison {unknown}
 l - a scroll of enchant armour {unknown}
 m - a scroll of fog {unknown}
 n - 3 scrolls of teleportation
 o - a scroll of blinking
 u - 3 scrolls of vulnerability {unknown}
 w - a scroll of immolation {unknown}
 F - 2 scrolls of identify
Potions
 g - a potion of might
 j - a potion of heal wounds {unknown}
 p - a potion of lignification
 t - a potion of haste
 v - a potion of flight {unknown}
 B - a potion of curing {unknown}
 C - a potion of degeneration
 D - a potion of mutation {unknown}
 H - a potion of berserk rage {unknown}


   Skills:
 - Level 2.4 Fighting
 + Level 9.1 Maces & Flails
 - Level 2.4 Dodging
 - Level 2.6 Shields


You had 7 spell levels left.
You didn't know any spells.
Your spell library contained the following spells:

 Spells                   Type           Power      Damage    Failure   Level
 Wereblood                Tmut           0%         N/A       69%         2
 Ozocubu's Armour         Ice            0%         N/A       89%         3
 Portal Projectile        Hex/Tloc       0%         N/A       89%         3
 Ice Form                 Ice/Tmut       0%         N/A       100%        4
 Alistair's Intoxication  Tmut/Pois      0%         N/A       100%        5
 Blade Hands              Tmut           0%         N/A       100%        5
 Tukima's Dance           Hex            Unusable   N/A       N/A         3

Dungeon Overview and Level Annotations

Branches:
Dungeon (6/15)             Temple (1/1) D:5

Altars:
Ashenzari
Dithmenos
Fedhas
Hepliaklqana
Makhleb
Nemelex Xobeh
Okawaru
Qazlal
Trog
Uskayaw
Wu Jian
The Shining One

Shops:
D:4 [?!**

Annotations:
D:3 Sigmund
D:4 3 runed translucent doors, elongatedgoose's ghost, amateur MiFi; hgbash's ghost, amateur GrEE
D:5 1 runed translucent door, ytrimaz's ghost, novice MeFi
D:6 1 runed translucent door, Sleet's ghost, novice MiBe


Innate Abilities, Weirdness & Mutations

You are too large for most types of armour.
You have claws for hands.
Your natural rate of healing is unusually fast.
You are covered in fur. (AC +1)
You have tough skin. (AC +1)


Message History

* * * LOW HITPOINT WARNING * * *
You are more poisoned.
The orc hits you with a +0 falchion.
* * * LOW HITPOINT WARNING * * *
Okay, then.
Unknown command.
Really walk into that dispersal trap?
The orc attacks as you move away! The orc misses you.
You enter a dispersal trap!
The orc blinks!
The orc warrior blinks! x2
The orc blinks!
You blink.
* * * LOW HITPOINT WARNING * * *
You feel very sick.
Sleet's ghost turns its malevolent gaze towards you.
It was a potion of degeneration.
There was something very wrong with that liquid.
You feel weakened.
You feel dopey.
You feel clumsy.
* * * LOW HITPOINT WARNING * * *
You feel very sick.
Sleet's ghost says, "Crushing you to a pulp will hurt a lot.
After that?
Painless!
I promise!"
Okay, then.
Unknown command.
Okay, then.
Unknown command.
It was a potion of resistance.
You feel protected.
* * * LOW HITPOINT WARNING * * *
You feel very sick. The orc warrior completely misses you.
Okay, then.
Unknown command.
Okay, then.
Unknown command.
It was a potion of cancellation.
Your magical effects are unravelling.
You feel magically purged.
Your resistance to elements expires.
* * * LOW HITPOINT WARNING * * *
You feel very sick.
The orc warrior hits you from afar with a +0 halberd of venom.
You die...

....##.....##....#......#
....#⌠.?♣!.⌠#....#......#
...##.....##....#.^....#
...##...##...###......#
...##W##.............#
..###..............#
.......o..........#
............(.....#
.......@..o.......#
#############(##...#
########...##...####.##...#
#....#...........o...#....#
#....'.........o.....#....#
.#....#...............#....#
.+..o.#...............#....#
.#o##.########...##...##...#
....####....##...##...##...#


You could see an orc warrior, Sleet's ghost and an orc.

Vanquished Creatures
  Eustachio (D:4)
  2 black bears
  An ogre (D:5)
  Blork the orc (D:6)
  3 scorpions
  A howler monkey (D:5)
  2 hounds
  A jelly (D:4)
  3 iguanas
  2 sleepcaps
  Natasha (thrice) (D:3)
  Terence (D:3)
  5 adders
  2 ufetubi
  2 dart slugs
  8 orcs
  4 endoplasms
  3 hobgoblins
  4 jackals (D:1)
  3 kobolds
  A quokka (D:3)
  8 ball pythons
  6 bats
  3 frilled lizards
  11 goblins
  5 rats
86 creatures vanquished.

Vanquished Creatures (others)
  9 plants
  2 withered plants (D:4)
11 creatures vanquished.

Grand Total: 97 creatures vanquished

Notes
Turn   | Place    | Note
-------+----------+-------------------------------------------
     0 | D:1      | FexLirch the Troll Fighter began the quest for the Orb.
     0 | D:1      | Reached XP level 1. HP: 22/22 MP: 0/0
   111 | D:1      | Reached skill level 2 in Maces & Flails
   226 | D:1      | Reached XP level 2. HP: 29/29 MP: 1/1
   314 | D:1      | Found a faded altar of an unknown god.
   349 | D:1      | Reached skill level 3 in Maces & Flails
  1024 | D:2      | Reached XP level 3. HP: 36/36 MP: 2/2
  1553 | D:2      | Got the Directory of the Altered Tundra
  1704 | D:3      | Noticed Terence
  1819 | D:2      | Reached skill level 4 in Maces & Flails
  1819 | D:2      | Reached XP level 4. HP: 44/44 MP: 3/3
  1881 | D:3      | Noticed Natasha
  1893 | D:3      | Killed Natasha
  1912 | D:3      | Killed Terence
  1913 | D:3      | Reached XP level 5. HP: 23/50 MP: 4/4
  1951 | D:3      | Noticed Natasha
  1960 | D:3      | Killed Natasha
  1961 | D:3      | Reached skill level 5 in Maces & Flails
  1980 | D:3      | Noticed Sigmund
  2085 | D:3      | Noticed Natasha
  2101 | D:3      | Killed Natasha
  2253 | D:4      | Noticed Eustachio
  2285 | D:4      | Noticed a black bear
  2289 | D:4      | Killed a black bear
  2290 | D:4      | Reached skill level 6 in Maces & Flails
  2290 | D:4      | Reached XP level 6. HP: 49/59 MP: 5/5
  2333 | D:4      | Killed Eustachio
  2341 | D:4      | Found Joloythu's Distillery.
  2387 | D:4      | Bought a potion of haste for 100 gold pieces
  2394 | D:4      | Found Semuon's General Store.
  2439 | D:4      | Found Hivodgh's General Store.
  2546 | D:4      | Found Houmaro's Magic Scroll Shop.
  2562 | D:4      | Bought a scroll of identify for 22 gold pieces
  2654 | D:4      | Found a runed translucent gate.
  2654 | D:4      | Found a runed translucent gate.
  2654 | D:4      | Found a runed translucent gate.
  2757 | D:4      | Found Zurghur's Armour Emporium.
  2816 | D:4      | Reached skill level 7 in Maces & Flails
  2816 | D:4      | Reached XP level 7. HP: 64/66 MP: 6/6
  2910 | D:4      | Noticed elongatedgoose's ghost (amateur MiFi)
  2910 | D:4      | Noticed hgbash's ghost (amateur GrEE)
  3082 | D:5      | Entered Level 5 of the Dungeon
  3231 | D:5      | Found a blossoming altar of Fedhas.
  3236 | D:5      | Found a staircase to the Ecumenical Temple.
  3243 | Temple   | Entered the Ecumenical Temple
  3249 | Temple   | Became a worshipper of Warmaster Okawaru
  3351 | D:5      | Reached skill level 8 in Maces & Flails
  3467 | D:5      | Found a runed translucent door.
  3626 | D:5      | Noticed ytrimaz's ghost (novice MeFi)
  4080 | D:4      | Bought a scroll of blinking for 82 gold pieces
  4169 | D:6      | Noticed Blork the orc
  4175 | D:6      | Killed Blork the orc
  4176 | D:6      | Reached XP level 8. HP: 63/74 MP: 7/7
  4366 | D:6      | Reached skill level 9 in Maces & Flails
  4436 | D:6      | Reached * piety under Okawaru
  4503 | D:6      | Found a runed translucent door.
  4504 | D:6      | Noticed Sleet's ghost (novice MiBe)
  4639 | D:6      | HP: 2/74 [poisoned by an orc warrior]
  4639 | D:6      | Slain by an orc warrior

Illustrated notes

Levels and vault maps discovered:
D:1:      dpeg_arrival_pits, layout_basic, shapermc_ecumenical_altar_flowoftime,
          nicolae_concentric_dashed_squares_wild, st_stairs_4
D:2:      layout_loops_corners
D:3:      layout_basic, kennysheep_small_spiral, uniq_sigmund, uniq_natasha,
          uniq_terence
D:4:      layout_loops_ring, gammafunk_ghost_cemetery, serial_shops,
          kennysheep_little_box, nicolae_square_shop, shop, shop_fountains,
          shop, serial_bayou_pond_a, uniq_eustachio
D:5:      layout_cave_pools, mainiacjoe_overflow_paths,
          minmay_temple_entry_gardened_gates, ebering_ghost_sewer_d,
          roderic_lattice_a
D:6:      layout_gridville, lemuel_zombie_altar_yredelemnul, vehumet_crystals,
          hellmonk_ghost_happy_afterlife, uniq_blork_the_orc
Temple:   hellmonk_temple_two_chambers

Skill      XL: |  1  2  3  4  5  6  7  8 |
---------------+-------------------------+-----
Maces & Flails | 2 3 4 6 7 8 9 |  9.1
Fighting       | |  2.4
Dodging        | |  2.4
Shields        | |  2.6

Action                     |  1- 3 |  4- 6 |  7- 9 || total
---------------------------+-------+-------+-------++-------
  Melee: Flail             |   119 |   163 |    40 ||   322
         Punch             |     2 |     1 |     1 ||     4
         Giant club        |       |       |    70 ||    70
  Throw: Dart              |       |     7 |     6 ||    13
         Boomerang         |       |     4 |     3 ||     7
  Evoke: Wand              |       |     3 |       ||     3
    Use: Potion            |       |     1 |     3 ||     4
         Scroll            |       |     2 |     1 ||     3
   Stab: Sleeping          |     1 |       |       ||     1
 Armour: Robe              |    45 |    94 |    34 ||   173
  Dodge: Dodged            |    77 |   110 |    87 ||   274

Table legend: (Time is in decaauts)
 A = Elapsed time spent in this place.
 B = Non-inter-level travel time spent in this place.
 C = Inter-level travel time spent in this place.
 D = Time resting spent in this place.
 E = Time spent auto-exploring this place.
 F = Levels seen in this place.
 G = Mean time per level.
                   A        B        C        D        E       F      G
               +--------+--------+--------+--------+--------+-----+--------+
         Total |   4703 |   4533 |    170 |    117 |   3195 |   7 |  671.9 |
       Dungeon |   4692 |   4522 |    170 |    117 |   3195 |   6 |  782.0 |
        Temple |     10 |     10 |      0 |      0 |      0 |   1 |   10.0 |
               +--------+--------+--------+--------+--------+-----+--------+

Top non-repeatable levels by time:
     D:5: 1047 daAuts
     D:1: 979 daAuts
     D:4: 915 daAuts
     D:2: 839 daAuts
     D:6: 487 daAuts
     D:3: 422 daAuts
  Temple: 10 daAuts
